XFBL
SEATTLE MARINERS @ CHICAGO WHITE SOX
03/02/1982
 
TOP OF THE 1ST
Seattle Mariners batting - Pitching for Chicago White Sox : RHP Bruce Kison
Pitching: RHP Bruce Kison
Batting: LHB Jose Perales 0-0: Foul Ball, location: 2F
0-1: Ball
1-1: Foul Ball, location: 2F
1-2: Fly out, F7 (Flyball, 78M, EV 86.3 MPH)
Batting: LHB Don Mattingly 0-0: Ball
1-0: Swinging Strike
1-1: Fly out, F5 (Popup, 5S, EV 75.6 MPH)
Batting: RHB Robin Yount 0-0: Foul Ball, location: 2F
0-1: Ball
1-1: Foul Ball, location: 2F
1-2: Ball
2-2: Foul Ball, location: 2F
2-2: Foul Ball, location: 2F
2-2: Ground out 6-3 (Groundball, 4M, EV 86.9 MPH)
Top of the 1st over - 0 runs, 0 hits, 0 errors, 0 left on base; Seattle 0 - Chicago 0
BOTTOM OF THE 1ST
Chicago White Sox batting - Pitching for Seattle Mariners : RHP Bob Moose
Pitching: RHP Bob Moose
Batting: SHB Dwayne Taggart 0-0: Called Strike
0-1: Called Strike
0-2: Foul Ball, location: 2F
0-2: Ball
1-2: Fly out, F8 (Line Drive, 8RD, EV 93.8 MPH)
Batting: LHB Rudy Law 0-0: Called Strike
0-1: Ball
1-1: Ball
2-1: Swinging Strike
2-2: Fly out, F7 (Flyball, 78S, EV 73.8 MPH)
Batting: RHB Mike Heath 0-0: Ground out 6-3 (Groundball, 6, EV 80.6 MPH)
Bottom of the 1st over - 0 runs, 0 hits, 0 errors, 0 left on base; Seattle 0 - Chicago 0
TOP OF THE 2ND
Seattle Mariners batting - Pitching for Chicago White Sox : RHP Bruce Kison
Batting: LHB Chris Wynn 0-0: Called Strike
0-1: SOLO HOME RUN (Flyball, 9LD, EV 95.6 MPH), Distance : 398 ft
Batting: RHB Tony Conigliaro 0-0: Ball
1-0: Called Strike
1-1: Ball
2-1: Foul Ball, location: 2F
2-2: Ball
3-2: Fly out, F9 (Flyball, 9S, EV 83.1 MPH)
Batting: LHB Ivan Flores 0-0: Foul Ball, location: 2F
0-1: Ground out 1-3 (Groundball, P, EV 73.8 MPH)
Batting: RHB John Rabb 0-0: Called Strike
0-1: Ball
1-1: Ball
2-1: Swinging Strike
2-2: Strikes out swinging
Top of the 2nd over - 1 run, 1 hit, 0 errors, 0 left on base; Seattle 1 - Chicago 0
BOTTOM OF THE 2ND
Chicago White Sox batting - Pitching for Seattle Mariners : RHP Bob Moose
Batting: LHB Mitchell Page 0-0: Ball
1-0: Called Strike
1-1: SINGLE (Flyball, 8RS, EV 85.6 MPH)
Batting: LHB Ryan MacFarland 0-0: Ball
1-0: Called Strike
1-1: Ball
2-1: Ball
3-1: Fly out, F5 (Popup, 56S, EV 69.4 MPH)
Batting: RHB Tim Teufel 0-0: Called Strike
0-1: Called Strike
0-2: Strikes out looking
Batting: RHB Bob Bailey 0-0: Called Strike
0-1: Ball
1-1: Foul Ball, location: 2F
1-2: Ball
2-2: Ball
3-2: Base on Balls
Mitchell Page to second
Batting: RHB Mike A Marshall 0-0: Called Strike
0-1: Fielders Choice at 2nd, U6 (Groundball, 6M, EV 81.3 MPH)
Bottom of the 2nd over - 0 runs, 1 hit, 0 errors, 2 left on base; Seattle 1 - Chicago 0
TOP OF THE 3RD
Seattle Mariners batting - Pitching for Chicago White Sox : RHP Bruce Kison
Batting: RHB Ramon Estepa 0-0: Called Strike
0-1: SINGLE (Line Drive, 9S, EV 107.5 MPH)
Batting: RHB Paul Runge 0-0: Foul Ball, location: 2F
0-1: Fly out, F9 (Flyball, 9LM, EV 93.1 MPH)
Batting: LHB Jose Perales 0-0: Ball
1-0: TRIPLE (Line Drive, 7LD, EV 104.4 MPH)
Ramon Estepa scores
Batting: LHB Don Mattingly 0-0: Ground out 1-3 (Groundball, 15S, EV 68.8 MPH)
Batting: RHB Robin Yount 0-0: Foul Ball, location: 2F
0-1: Ball
1-1: SINGLE (Line Drive, 3D, EV 94.4 MPH)
Jose Perales scores
Batting: LHB Chris Wynn 0-0: Ball
1-0: Ball
2-0: Fly out, F6 (Popup, 6M, EV 56.3 MPH)
Top of the 3rd over - 2 runs, 3 hits, 0 errors, 1 left on base; Seattle 3 - Chicago 0
BOTTOM OF THE 3RD
Chicago White Sox batting - Pitching for Seattle Mariners : RHP Bob Moose
Batting: RHB Brian Harper 0-0: Ground out 6-3 (Groundball, 6MS, EV 70.0 MPH)
Batting: SHB Dwayne Taggart 0-0: Fly out, F6 (Line Drive, 6, EV 61.3 MPH)
Batting: LHB Rudy Law 0-0: Called Strike
0-1: Foul Ball, location: 2F
0-2: Ball
1-2: Fly out, F8 (Flyball, 8LS, EV 92.5 MPH)
Bottom of the 3rd over - 0 runs, 0 hits, 0 errors, 0 left on base; Seattle 3 - Chicago 0
TOP OF THE 4TH
Seattle Mariners batting - Pitching for Chicago White Sox : RHP Bruce Kison
Pitching: RHP Dickie Noles
Batting: RHB Tony Conigliaro 0-0: Ball
1-0: Called Strike
1-1: Foul Ball, location: 2F
1-2: Fly out, F7 (Flyball, 78D, EV 105.6 MPH)
Batting: LHB Ivan Flores 0-0: Ball
1-0: Swinging Strike
1-1: Foul Ball, location: 2F
1-2: Ball
2-2: Ball
3-2: Base on Balls
Batting: RHB John Rabb 0-0: Called Strike
Ivan Flores is caught stealing 2nd base 2-4
0-1: Foul Ball, location: 2F
0-2: Foul Ball, location: 2F
0-2: Ground out 6-3 (Groundball, 6, EV 102.5 MPH)
Top of the 4th over - 0 runs, 0 hits, 0 errors, 0 left on base; Seattle 3 - Chicago 0
BOTTOM OF THE 4TH
Chicago White Sox batting - Pitching for Seattle Mariners : RHP Bob Moose
Batting: RHB Mike Heath 0-0: Ball
1-0: Ball
2-0: Called Strike
2-1: Ball
3-1: Base on Balls
Batting: LHB Mitchell Page 0-0: Called Strike
0-1: Fly out, F9 (Flyball, 89M, EV 88.1 MPH)
Batting: LHB Ryan MacFarland 0-0: Fly out, F4 (Flyball, 34D, EV 78.8 MPH)
Batting: RHB Tim Teufel 0-0: Ball
Mike Heath is caught stealing 2nd base 2-4
Bottom of the 4th over - 0 runs, 0 hits, 0 errors, 0 left on base; Seattle 3 - Chicago 0
TOP OF THE 5TH
Seattle Mariners batting - Pitching for Chicago White Sox : RHP Dickie Noles
Batting: RHB Ramon Estepa 0-0: SINGLE (Groundball, 6MS, EV 75.6 MPH) (infield hit)
Batting: RHB Paul Runge 0-0: Called Strike
0-1: Ball
1-1: Foul Ball, location: 2F
1-2: Grounds into double play, 6-4-3 (Groundball, 6S, EV 81.3 MPH)
Batting: LHB Jose Perales 0-0: Called Strike
0-1: Ball
1-1: Ground out 5-3 (Groundball, 56, EV 103.1 MPH)
Top of the 5th over - 0 runs, 1 hit, 0 errors, 0 left on base; Seattle 3 - Chicago 0
BOTTOM OF THE 5TH
Chicago White Sox batting - Pitching for Seattle Mariners : RHP Bob Moose
Pitching: RHP Scott Sanderson
Batting: RHB Tim Teufel 0-0: Ball
1-0: Called Strike
1-1: Ball
2-1: Called Strike
2-2: Ball
3-2: SINGLE (Line Drive, 56, EV 98.1 MPH)
Batting: RHB Bob Bailey 0-0: Called Strike
0-1: Called Strike
0-2: Foul Ball, location: 2F
0-2: Fly out, F6 (Line Drive, 6, EV 62.5 MPH)
Batting: RHB Mike A Marshall 0-0: Called Strike
0-1: Swinging Strike
0-2: Ball
1-2: Foul Ball, location: 2F
1-2: Ball
2-2: Strikes out looking
Batting: RHB Brian Harper 0-0: Ball
1-0: Ball
2-0: Ball
3-0: Base on Balls
Tim Teufel to second
Batting: SHB Dwayne Taggart 0-0: Called Strike
0-1: Ball
1-1: SINGLE (Groundball, 34D, EV 99.4 MPH)
Tim Teufel to third
Brian Harper to second
Runner from 3rd tries for Home, SAFE, throw by RF to home
Batting: LHB Rudy Law 0-0: Ball
1-0: Called Strike
1-1: Ball
2-1: Ball
3-1: Base on Balls
Brian Harper to third
Dwayne Taggart to second
Batting: RHB Mike Heath 0-0: Fly out, F9 (Flyball, 9S, EV 86.3 MPH)
Bottom of the 5th over - 1 run, 2 hits, 0 errors, 3 left on base; Seattle 3 - Chicago 1
TOP OF THE 6TH
Seattle Mariners batting - Pitching for Chicago White Sox : RHP Dickie Noles
Batting: LHB Don Mattingly 0-0: Ball
1-0: Ball
2-0: Swinging Strike
2-1: SINGLE (Line Drive, 4D, EV 101.9 MPH)
Batting: RHB Robin Yount 0-0: Called Strike
0-1: Ball
1-1: Swinging Strike
1-2: Foul Ball, location: 2F
1-2: Strikes out swinging
Pitching: LHP Jim Goetz
Batting: LHB Chris Wynn 0-0: Foul Ball, location: 2F
0-1: DOUBLE (Groundball, 3L, EV 105.6 MPH)
Don Mattingly to third
Runner from 3rd tries for Home, SAFE, throw by RF to home
Batting: RHB Tony Conigliaro 0-0: Foul Ball, location: 2F
0-1: Called Strike
0-2: Ground out 5-3 (Groundball, 5, EV 86.9 MPH)
Batting: LHB Ivan Flores 0-0: Called Strike
0-1: Foul Ball, location: 2F
0-2: Strikes out swinging
Top of the 6th over - 1 run, 2 hits, 0 errors, 1 left on base; Seattle 4 - Chicago 1
BOTTOM OF THE 6TH
Chicago White Sox batting - Pitching for Seattle Mariners : RHP Scott Sanderson
Batting: LHB Mitchell Page 0-0: Called Strike
0-1: Ball
1-1: Fly out, F8 (Flyball, 8LD, EV 100.0 MPH)
Batting: LHB Ryan MacFarland 0-0: Ball
1-0: Swinging Strike
1-1: Swinging Strike
1-2: Strikes out looking
Batting: RHB Tim Teufel 0-0: Called Strike
0-1: Ball
1-1: Ball
2-1: Called Strike
2-2: Ball
3-2: Foul Ball, location: 2F
3-2: Base on Balls
Batting: RHB Bob Bailey 0-0: Ball
1-0: Foul Ball, location: 2F
1-1: Ball
2-1: Called Strike
2-2: Ball
3-2: Ground out 3-1 (Groundball, 13, EV 89.4 MPH)
Bottom of the 6th over - 0 runs, 0 hits, 0 errors, 1 left on base; Seattle 4 - Chicago 1
TOP OF THE 7TH
Seattle Mariners batting - Pitching for Chicago White Sox : LHP Jim Goetz
Batting: RHB John Rabb 0-0: Foul Ball, location: 2F
0-1: Ball
1-1: Called Strike
1-2: Ground out 4-3 (Groundball, 34, EV 103.1 MPH)
Batting: RHB Ramon Estepa 0-0: Ball
1-0: Foul Ball, location: 2F
1-1: SINGLE (Line Drive, 6MD, EV 98.1 MPH)
Batting: RHB Paul Runge 0-0: Called Strike
0-1: Ball
1-1: Foul Ball, location: 2F
1-2: Strikes out looking
Pinch Hitting: RHB Kurt Cunningham 0-0: Ball
1-0: Reached on error, E5 (Groundball, 56, EV 80.6 MPH)
Ramon Estepa to third
Pinch Hitting: RHB Juan DeLiza 0-0: Ball
1-0: Called Strike
1-1: Foul Ball, location: 2F
1-2: Ground out 1-3 (Groundball, 13, EV 65.6 MPH)
Top of the 7th over - 0 runs, 1 hit, 1 error, 2 left on base; Seattle 4 - Chicago 1
BOTTOM OF THE 7TH
Chicago White Sox batting - Pitching for Seattle Mariners : RHP Scott Sanderson
Now at 1B: Juan DeLiza
Now at 2B: Kurt Cunningham
Batting: RHB Mike A Marshall 0-0: Foul Ball, location: 2F
0-1: Ball
1-1: Swinging Strike
1-2: Strikes out looking
Batting: RHB Brian Harper 0-0: Ball
1-0: Ground out 2-3 (Groundball, 2L, EV 68.1 MPH)
Pitching: RHP Tommy Boggs
Pinch Hitting: LHB Steve Christmas 0-0: Called Strike
0-1: Ball
1-1: SINGLE (Groundball, 34D, EV 97.5 MPH)
Pinch Hitting: SHB Kevin King 0-0: Ball
1-0: Fly out, F4 (Flyball, 4D, EV 91.9 MPH)
Bottom of the 7th over - 0 runs, 1 hit, 0 errors, 1 left on base; Seattle 4 - Chicago 1
TOP OF THE 8TH
Seattle Mariners batting - Pitching for Chicago White Sox : LHP Jim Goetz
Now at 1B: Steve Christmas
Now in CF: Kevin King
Pinch Hitting: LHB Glen Franklin 0-0: Called Strike
0-1: Foul Ball, location: 2F
0-2: Strikes out swinging
Batting: SHB Miguel Dilone 0-0: Fly out, F6 (Flyball, 6D, EV 79.4 MPH)
Pinch Hitting: RHB Bobby Bonds 0-0: Ball
1-0: Ball
2-0: Ball
3-0: Base on Balls
Pinch Hitting: LHB Mike Stenhouse 0-0: Fly out, F9 (Line Drive, 9, EV 90.0 MPH)
Top of the 8th over - 0 runs, 0 hits, 0 errors, 1 left on base; Seattle 4 - Chicago 1
BOTTOM OF THE 8TH
Chicago White Sox batting - Pitching for Seattle Mariners : RHP Tommy Boggs
Now at SS: Glen Franklin
Now in LF: Mike Stenhouse
Now in RF: Bobby Bonds
Pinch Hitting: RHB Jose Castro 0-0: Called Strike
0-1: Fly out, F8 (Flyball, 89XD, EV 97.5 MPH)
Pinch Hitting: RHB Jim Wynn 0-0: Foul Ball, location: 2F
0-1: Ball
1-1: Swinging Strike
1-2: Strikes out swinging
Pinch Hitting: SHB Wayne Tolleson 0-0: Ball
1-0: Swinging Strike
1-1: Called Strike
1-2: Ball
2-2: Strikes out swinging
Bottom of the 8th over - 0 runs, 0 hits, 0 errors, 0 left on base; Seattle 4 - Chicago 1
TOP OF THE 9TH
Seattle Mariners batting - Pitching for Chicago White Sox : LHP Jim Goetz
Now at 3B: Wayne Tolleson
Now at SS: Jose Castro
Now in RF: Jim Wynn
Pinch Hitting: LHB Rich Gedman 0-0: Called Strike
0-1: Foul Ball, location: 2F
0-2: Ball
1-2: Foul Ball, location: 2F
1-2: Ball
2-2: Strikes out looking
Batting: RHB Ramon Estepa 0-0: Fly out, F9 (Flyball, 9, EV 92.5 MPH)
Batting: RHB Paul Runge 0-0: Swinging Strike
0-1: Ball
1-1: SINGLE (Line Drive, 9S, EV 106.9 MPH)
Pitching: RHP Dave S Smith
Batting: RHB Kurt Cunningham 0-0: Ball
1-0: Fly out, F9 (Flyball, 89M, EV 87.5 MPH)
Top of the 9th over - 0 runs, 1 hit, 0 errors, 1 left on base; Seattle 4 - Chicago 1
BOTTOM OF THE 9TH
Chicago White Sox batting - Pitching for Seattle Mariners : RHP Tommy Boggs
Now at C: Rich Gedman
Pinch Hitting: SHB Ozzie Smith 0-0: Called Strike
0-1: Foul Ball, location: 2F
0-2: Ball
1-2: Foul Ball, location: 2F
1-2: Foul Ball, location: 2F
1-2: Strikes out swinging
Batting: RHB Brian Downing 0-0: Called Strike
0-1: Ball
1-1: Ground out 6-3 (Groundball, 6, EV 80.6 MPH)
Pinch Hitting: RHB Steve Henderson 0-0: Called Strike
0-1: Ground out 4-3 (Groundball, 34, EV 83.8 MPH)
Bottom of the 9th over - 0 runs, 0 hits, 0 errors, 0 left on base; Seattle 4 - Chicago 1
Monday, July 13th, 2020 - OOTP Baseball 21.4 Build 63